 Dungeon Crawl Stone Soup version 0.20-a0-553-g9f38e11 (webtiles) character file.

60 drasked the Magician (level 3, -6/19 HPs)
             Began as a Deep Elf Ice Elementalist on Feb 3, 2017.
             Mangled by a gnoll
             ... wielding a +0 spear
              (8 damage)
             ... on level 2 of the Dungeon.
             The game lasted 00:03:45 (1673 turns).

drasked the Magician (Deep Elf Ice Elementalist)    Turns: 1673, Time: 00:03:46

Health: -6/19      AC:  2    Str:  5    XL:     3   Next: 80%
Magic:  7/11       EV: 13    Int: 20    God:
Gold:   26         SH:  0    Dex: 15    Spells: 10/11 levels left

rFire    . . .     SeeInvis .   m - +2 short sword (holy)
rCold    . . .     Gourm    .   a - +0 robe
rNeg     . . .     Faith    .   (no shield)
rPois    .         Spirit   .   (no helmet)
rElec    .         Reflect  .   (no cloak)
rCorr    .         Harm     .   (no gloves)
MR       .....                  (no boots)
Stlth    ++........             (no amulet)
Regen    0.1/turn               (no ring)
                                (no ring)

@: no status effects
A: no striking features
a: no special abilities


You were on level 2 of the Dungeon.
You were not hungry.

You visited 1 branch of the dungeon, and saw 2 of its levels.

You collected 26 gold pieces.

Inventory:

Hand Weapons
 m - a +2 short sword of holy wrath (weapon)
   (You took it off a kobold on level 1 of the Dungeon)
Armour
 a - a +0 robe (worn)
Jewellery
 i - an uncursed amulet of rage {unknown}
   (You found it on level 2 of the Dungeon)
Scrolls
 d - a scroll of amnesia {unknown}
 f - a scroll of fear {unknown}
 g - 2 scrolls of remove curse {unknown}
 j - 2 scrolls of identify {unknown}
 k - a scroll of enchant armour {unknown}
 n - a scroll of blinking {unknown}
 o - a scroll of enchant weapon {unknown}
Potions
 e - a potion of might {unknown}
Books
 b - a book of Frost
Comestibles
 c - 2 bread rations {@e1}
 h - 2 royal jellies
 l - 2 meat rations {@e2}


   Skills:
 - Level 2.4 Dodging
 - Level 2.4 Stealth
 * Level 4.5 Spellcasting
   Level 1.1 Conjurations
 * Level 4.3 Ice Magic


You had 10 spell levels left.
You knew the following spells:

 Your Spells              Type           Power        Failure   Level  Hunger
a - Freeze                Ice            ###.         1%          1    None


Dungeon Overview and Level Annotations

Branches:
Dungeon (2/15)

Altars:


Message History

Aim: a hobgoblin, wielding a club (lightly wounded)
You freeze the hobgoblin.
You kill the hobgoblin!
You now have 6/10 mp.
Things that are here:
a club; a hobgoblin corpse You see here an adder corpse.
n - a scroll labeled VUEKOISCHYPS
o - a scroll labeled TAELIG XAINEU You see here an adder corpse.
You butcher the adder corpse.
p - a chunk of flesh {@w0} You see here an adder skeleton.
Things that are here:
a club; a hobgoblin corpse
l - 2 meat rations {@e2} (gained 1)
A dart slug comes into view.
Health restored: 19; MP restored: 10 A dart slug is nearby!
A dart slug is nearby!
You see here 12 gold pieces.
Aim: a dart slug (clinging)
You freeze the dart slug.
You now have 9/10 mp.
Aim: a dart slug (severely wounded, clinging)
You freeze the dart slug.
You kill the dart slug!
You now have 8/10 mp.
You now have 17 gold pieces (gained 12).
A worm comes into view.
A worm is nearby!
A worm is nearby!
A worm is nearby!
Aim: a worm You freeze the worm.
The worm bites you!
You take 8 damage, and have 11/19 hp.
MASSIVE DAMAGE!!
You now have 8/10 mp.
Aim: a worm (moderately wounded)
You freeze the worm.
You now have 7/10 mp.
Aim: a worm (severely wounded)
You freeze the worm. The worm bites you!
* * * LOW HITPOINT WARNING * * *
You take 8 damage, and have 3/19 hp.
MASSIVE DAMAGE!!
You now have 6/10 mp.
You see here a dart slug corpse.
You start resting.
All of the chunks of flesh in your inventory have rotted away.
You are feeling hungry.
You regained 6 hp, and now have 10/19 hp.
MP restored: 10
Okay, then.
You start resting.
A rat comes into view.
You regained 6 hp, and now have 16/19 hp.
The rat barely misses you.
Aim: a rat You freeze the rat.
You kill the rat!
You now have 9/10 mp.
You see here a rat corpse.
You butcher the rat corpse.
p - a chunk of flesh {@w0} Autoeating chunks.
Eating a chunk of flesh {@w0}.
You eat the chunk of flesh {@w0}.
You now have 26 gold pieces (gained 9).
You open the door.
There is an open door here.
There is an open door here.
The gnoll shouts!
The gnoll is too close now for your liking.
A gnoll is nearby!
Health restored: 19; MP restored: 10 A gnoll is nearby!
The gnoll shouts!
The gnoll drinks a potion.
The gnoll suddenly seems more agile.
Aim: a gnoll, wielding a whip You freeze the gnoll.
The gnoll shouts!
The gnoll hits you with a whip.
You take 4 damage, and have 15/19 hp.
MASSIVE DAMAGE!!
You now have 9/10 mp.
Aim: a gnoll, wielding a whip (heavily wounded)
You freeze the gnoll. The gnoll closely misses you.
You now have 8/10 mp.
Aim: a gnoll, wielding a whip (almost dead)
You freeze the gnoll.
You kill the gnoll!
You now have 7/11 mp.
The gnoll hits you from afar with a halberd!
The gnoll hits you with a spear.
* * * LOW HITPOINT WARNING * * *
You take 13 damage, and have 2/19 hp.
MASSIVE DAMAGE!!
The gnoll hits you from afar with a spear!
You die...

........#######.#...#########
................#.(......(..#####
...............##########.......#
......................# #.......#
..............<.......# #.......#
.........##...........# ###....##
.........##....gg.....# #....#
.........##...).......# #....#
########.######.@.....# #....#
#.# #.......# #....# ### #.#
##....### #.#### ..# #.#
#####....# #.# ..# #.# #........#
#.# ..# #.# #.....#'###### #.#
..## #.# #.....#......# #.#
...#####.# ############## #.#
.......#.# #.#


You could see 2 gnolls.

Vanquished Creatures
  An adder (D:2)
  A gnoll (D:2)
  A worm (D:2)
  3 dart slugs
  7 bats
  A giant cockroach (D:1)
  4 goblins (D:1)
  5 hobgoblins
  A quokka (D:2)
  A frilled lizard (D:1)
  5 kobolds
  2 rats (D:2)
32 creatures vanquished.

Notes
Turn   | Place    | Note
-------+----------+-------------------------------------------
     0 | D:1      | drasked the Deep Elf Ice Elementalist began the quest for the Orb.
     0 | D:1      | Reached XP level 1. HP: 10/10 MP: 6/6
   311 | D:1      | Reached XP level 2. HP: 15/15 MP: 6/8
   894 | D:1      | You fall through a shaft!
   898 | D:2      | Reached skill level 4 in Spellcasting
   958 | D:2      | Reached skill level 4 in Ice Magic
   967 | D:2      | Reached XP level 3. HP: 13/19 MP: 4/10
  1337 | D:2      | HP: 3/19 [worm (8)]
  1672 | D:2      | HP: 2/19 [gnoll/spear (5)]
  1673 | D:2      | Mangled by a gnoll

Vault maps used:
D:1:      dpeg_arrival_signposts
D:2:      lemuel_coloured_pillars_altar, first_bread

Skill      XL: |  1  2 |
---------------+-------+-----
Spellcasting   | 4 |  4.5
Ice Magic      | 4 |  4.3
Dodging        | |  2.4
Stealth        | |  2.4
Conjurations   | |  1.1

Action                   || total
-------------------------++-------
Melee: Unarmed           ||     1
       Short sword       ||     4
 Cast: Freeze            ||    55
 Stab: Sleeping          ||     1
  Eat: Chunk             ||     2
Armor: Robe              ||     6
Dodge: Dodged            ||    22

Vault maps used:
D:1:      dpeg_arrival_signposts
D:2:      lemuel_coloured_pillars_altar, first_bread

Table legend:
 A = Turns spent in this place as a percentage of turns spent in the entire game.
 B = Non-inter-level travel turns spent in this place as a percentage of non-inter-level travel turns spent in the entire game.
 C = Inter-level travel turns spent in this place as a percentage of turns spent in this place.
 D = Turns resting spent in this place as a percentage of non-inter-level travel turns spent in this place.
 E = Turns spent auto-exploring this place as a percentage of non-inter-level travel turns spent in this place.
 F = Non-inter-level travel turns spent in this place divided by the number of levels of this place that you've seen.
                   A       B       C       D       E      F
               +-------+-------+-------+-------+-------+----------------------
         Total | 100.0 | 100.0 |   0.5 |   3.7 |  11.7 | 187.5
       Dungeon | 100.0 | 100.0 |   0.5 |   3.7 |  11.7 | 187.5
               +-------+-------+-------+-------+-------+----------------------

Table legend:
 A = Kills in this place as a percentage of kills in entire the game.
 B = Kills by you in this place as a percentage of kills by you in the entire game.
 C = Kills by friends in this place as a percentage of kills by friends in the entire game.
 D = Other kills in this place as a percentage of other kills in the entire game.
 E = Experience gained in this place as a percentage of experience gained in the entire game.
 F = Experience gained in this place divided by the number of levels of this place that you have seen.
                   A       B       C       D       E      F
               +-------+-------+-------+-------+-------+----------------------
         Total | 100.0 | 100.0 |  -nan |  -nan | 100.0 |  43.0
       Dungeon | 100.0 | 100.0 |  -nan |  -nan | 100.0 |  43.0
               +-------+-------+-------+-------+-------+----------------------
